 Dungeon Crawl Stone Soup version 0.31-a0-986-g5e6e4ef867 (webtiles) character file.

Game seed: 2318924712864944766

140 mandarbmax the Chucker (level 5, -1/41 HPs)
             Began as a Meteoran Gladiator on Nov 11, 2023.
             Slain by an orc priest
             ... wielding a +0 hand axe
              (3 damage)
             ... on level 5 of the Dungeon.
             The game lasted 00:09:11 (1216 turns).

mandarbmax the Chucker (Meteoran Gladiator)         Turns: 1216, Time: 00:09:12

Health: -1/41      AC:  6    Str: 16 (17) XL:     5   Next: 76%
Magic:  6/6        EV: 11    Int:  7 (10) God:
Gold:   237        SH:  0    Dex: 12 (15) Spells: 4/4 levels left

rFire   + . .        a - +0 flail
rCold   + . .        (no shield)
rNeg    . . .        j - +0 ring mail {rC+}
rPois   .            c - +0 helmet
rElec   .            (no cloak)
rCorr   .            (no gloves)
SInv    .            (no boots)
Will    .....        (no amulet)
Stlth   +            p - ring of protection from fire
HPRegen 0.26/turn    (no ring)
MPRegen 0.10/turn

%: no passive effects
@: glowing, invisible (but backlit and visible)
A: sense surroundings 1, otherworldly, glowing, explore regen
a: no special abilities


You were on level 5 of the Dungeon.
You visited 1 branch of the dungeon, and saw 5 of its levels.

You collected 237 gold pieces.

Inventory:

Hand Weapons
 a - a +0 flail (weapon)
Missiles
 d - 2 throwing nets
 k - 2 atropa-tipped darts
 n - 6 poisoned darts
Armour
 b - a +2 cloak of preservation
 c - a +0 helmet (worn)
 j - a +0 ring mail of cold resistance (worn)
Jewellery
 p - a ring of protection from fire (left hand)


   Skills:
 - Level 2.1 Fighting
 - Level 4.0 Maces & Flails
 + Level 6.3 Throwing
 - Level 3.2 Dodging


You had 4 spell levels left.
You didn't know any spells.
Your spell library contained the following spells:

 Spells                   Type           Power      Damage    Failure   Level
 Ozocubu's Armour         Ice            0%         N/A       95%         3
 Volatile Blastmotes      Fire/Tloc      0%         2d10      95%         3
 Fulminant Prism          Conj/Hex       0%         3d5       100%        4
 Iskenderun's Mystic Bla  Conj/Tloc      0%         2d3       100%        4
 Haunt                    Necr/Summ      0%         N/A       100%        7
 Ozocubu's Refrigeration  Ice            0%         4d7       100%        7
 Borgnjor's Revivificati  Necr           0%         N/A       100%        8
 Death's Door             Necr           0%         N/A       100%        9


Dungeon Overview and Level Annotations

Branches:
Dungeon (5/15) Zot: 1749
 Temple: D:4-7

Altars:
Ashenzari
Hepliaklqana
Qazlal
Trog

Annotations:
D:4 Blork the orc


Innate Abilities, Weirdness & Mutations

You passively map a small area around you.
You are easily found by Zot.
You glow in the dark.
You regain HP and MP as you explore.


Message History

You hit the orc.
The orc is moderately wounded.
The orc hits you but does no damage.
You barely miss the orc.
The orc is moderately wounded.
The orc priest invokes the aid of Beogh against you.
Beogh smites you! The orc closely misses you.
You closely miss the orc.
The orc is moderately wounded.
The orc priest calls upon Beogh to heal the orc.
The orc's wounds heal themselves!
The orc priest invokes the aid of Beogh against you.
Beogh smites you! The orc hits you with a +0 short sword.
You hit the orc.
The orc is almost dead.
The orc hits you but does no damage.
The orc priest casts a cantrip, but nothing happens.
You hit the orc.
The orc is lightly wounded.
The orc hits you with a +0 falchion.
You thump the orc!
You kill the orc!
The orc priest calls down the wrath of Beogh upon you.
You struggle to resist.
You closely miss the orc. You punch the orc.
The orc is almost dead.
The orc barely misses you.
You sock the orc!
You kill the orc!
You closely miss the orc priest.
The orc priest is severely wounded.
The orc priest calls down the wrath of Beogh upon you.
Beogh smites you!
* * * LOW HITPOINT WARNING * * *
The orc priest hits you with a +0 hand axe.
* * * LOW HITPOINT WARNING * * *
It was a potion of invisibility.
You become transparent, but the glow from your body prevents you from becoming completely invisible.
The orc priest hits you with a +0 hand axe.
You die...

* , * * * ## #.#####
* ##
#.oOo#########.##
*#.)####@........#.#
#..# #...........#
*#...* #...........#
* * .... **
##...........# .....
, #............#
.... ,
##...........# (..#
#......<....# , ,
#...........# ,
.............#


You could see an ogre and 2 orc priests.

Vanquished Creatures
  A hound (D:4)
  Natasha (D:3)
  4 adders
  A dart slug (D:1)
  2 orcs (D:5)
  11 ball pythons
  4 bats
  4 endoplasms
  2 giant cockroaches
  6 goblins
  3 hobgoblins
  3 kobolds
  2 frilled lizards (D:2)
  5 rats
49 creatures vanquished.

Notes
Turn   | Place    | Note
-------+----------+-------------------------------------------
     0 | D:1      | mandarbmax the Meteoran Gladiator began the quest for the
                  | Orb.
     0 | D:1      | Reached XP level 1. HP: 17/17 MP: 2/2
    74 | D:1      | Reached skill level 3 in Throwing
    74 | D:1      | Reached XP level 2. HP: 13/24 MP: 3/3
   275 | D:2      | Reached XP level 3. HP: 29/29 MP: 4/4
   289 | D:2      | Reached skill level 4 in Throwing
   382 | D:2      | Reached XP level 4. HP: 25/36 MP: 5/5
   623 | D:3      | Found a large runed translucent door.
   624 | D:3      | Found a large runed translucent door.
   632 | D:3      | Found a broken altar of Ashenzari.
   645 | D:3      | Reached skill level 5 in Throwing
   651 | D:3      | Found a bloodstained altar of Trog.
   803 | D:3      | Noticed Natasha
   818 | D:3      | Killed Natasha
   819 | D:3      | Reached XP level 5. HP: 7/41 MP: 6/6
   893 | D:4      | Found a stormy altar of Qazlal.
   954 | D:4      | Reached skill level 6 in Throwing
  1020 | D:4      | Noticed a water moccasin
  1049 | D:4      | Noticed Blork the orc
  1051 | D:4      | Identified a scroll of acquirement
  1051 | D:4      | Acquired a +2 cloak of preservation
  1088 | D:4      | Found a hazy altar of Hepliaklqana.
  1189 | D:5      | Entered Level 5 of the Dungeon
  1200 | D:5      | Noticed an ogre
  1215 | D:5      | HP: 2/41 [orc priest/+0 hand axe (4)]
  1216 | D:5      | Slain by an orc priest

Illustrated notes

Levels and vault maps discovered:
D:1:      dpeg_arrival_brainrot, layout_basic
D:2:      layout_loops_ring, minmay_misc_feat_rugged, minmay_ruptured
D:3:      layout_basic, jmf_multi_god_temple2, uniq_natasha
D:4:      layout_cave_pods, amcnicky_altar_gilded,
          nicolae_qazlal_scattered_showers, serial_park, serial_park_avenue1,
          serial_park_tiny_2, serial_park_tiny_pond, serial_park_tiny_pond,
          serial_park_square1 [serial_park_minivault_5x5_2], uniq_edmund,
          uniq_grinder, uniq_blork_the_orc
D:5:      layout_layer_cave, mainiacjoe_overflow_alcove_4,
          minmay_temple_entry_glass, portal_sewer_entry_d

Skill      XL: |  1  2  3  4  5 |
---------------+----------------+-----
Throwing       | 3 4 5 6 |  6.3
Fighting       | |  2.1
Maces & Flails | |  4.0
Dodging        | |  3.2

Action                     |  1- 3 |  4- 6 || total
---------------------------+-------+-------++-------
  Melee: Flail             |    73 |   105 ||   178
         Punch             |       |     2 ||     2
  Throw: Throwing net      |       |     2 ||     2
         Javelin           |       |     1 ||     1
    Use: Potion            |       |     7 ||     7
         Scroll            |       |     4 ||     4
   Stab: Held in net/web   |       |     2 ||     2
 Armour: Leather armour    |    52 |     6 ||    58
         Ring mail         |       |    90 ||    90
  Dodge: Dodged            |    53 |    90 ||   143

Table legend: (Time is in decaauts)
 A = Elapsed time spent in this place.
 B = Non-inter-level travel time spent in this place.
 C = Inter-level travel time spent in this place.
 D = Time resting spent in this place.
 E = Time spent auto-exploring this place.
 F = Levels seen in this place.
 G = Mean time per level.
                   A        B        C        D        E       F      G
               +--------+--------+--------+--------+--------+-----+--------+
         Total |   1250 |   1191 |     59 |      0 |      0 |   5 |  250.0 |
       Dungeon |   1250 |   1191 |     59 |      0 |      0 |   5 |  250.0 |
               +--------+--------+--------+--------+--------+-----+--------+

Top non-repeatable levels by time:
     D:3: 357 daAuts
     D:4: 309 daAuts
     D:2: 291 daAuts
     D:1: 262 daAuts
     D:5: 28 daAuts
